 Dungeon Crawl Stone Soup version 0.29-a0-1052-g6990b1bffc (webtiles) character file.

Game seed: 10008091609792376391

1057856 wingedge the Archmage (level 27, -11/205 HPs)
             Began as a Djinni Fire Elementalist on Aug 16, 2022.
             Was an Initiate of Gozag.
             Killed from afar by a hellephant (44 damage)
             ... with a blast of flame
             ... on level 7 of Tartarus on Aug 17, 2022.
             The game lasted 11:29:34 (118661 turns).

wingedge the Archmage (Djinni Fire Elementalist)  Turns: 118661, Time: 11:29:34

Health: -11/205    AC: 47    Str: 21      XL:     27
Gold:   6250       EV: 27    Int: 35 (37) God:    Gozag SH:  0 Dex: 19

rFire   + . .      SeeInvis +   a - +6 Majin-Bo {vamp, MP+6 Int+6}
rCold   + . .      Faith    .   (shield currently unavailable)
rNeg    + + +      Spirit   .   Y - +9 ice dragon scales
rPois   ∞          Reflect  .   R - +2 helmet {SInv}
rElec   +          Harm     +   d - +2 cloak of Beogh's Castigation {+Inv Regen+ Str+7 Stlth+}
rCorr   +          Rampage  .   N - +0 pair of gloves "Wiqacacu" {rPois rN+++ rCorr Int-3}
Will    +....                   (boots unavailable)
Stlth   +++.......              O - amulet "Agurodes" {Harm Regen+ Int-2 Dex+4 Stlth-}
HPRegen 2.04/turn               y - ring of the Tortoise {AC+8}
MPRegen 0.00/turn               f - ring of Esmuel {Contam rElec MP+9 Str+5 Int+10}

@: brilliant, calling dragons, flying, hasted, studying 3 skills, unable to
drink, weak-willed, very quick
A: sickness immunity, fire resistance 2, cold vulnerability 1, float, innate
caster, HP casting, extra vitality 1, clumsy 1, deterioration 2, frail 1,
strong-willed 1, sense surroundings 1, screaming 1, wild magic 1, inability to
drink after injury 1
}: 12/15 runes: barnacled, slimy, silver, obsidian, icy, abyssal, demonic,
glowing, magical, fiery, dark, gossamer
a: Renounce Religion, Evoke Invisibility, Potion Petition, Call Merchant, Bribe
Branch


You were on level 7 of Tartarus.
You worshipped Gozag.
Gozag was greatly pleased with you.
You visited 14 branches of the dungeon, and saw 68 of its levels.
You visited Pandemonium 1 time, and saw 19 of its levels.
You visited the Abyss 5 times.
You also visited: Sewer, Bailey, Ice Cave and Wizlab.

You collected 47421 gold pieces.
You spent 10423 gold pieces at shops.
You paid 30748 gold pieces to Gozag.

Inventory:

Hand Weapons
 a - the +6 Majin-Bo (weapon) {vamp, MP+6 Int+6}
   (You took it off a Hellbinder in a wizard's laboratory)

   It heals its wielder for a portion of the damage dealt when they wound a
   living foe with it or with a spell.
   Its wielder's spells cost health as well as magical power.
   Int:       It affects your intelligence (+6).
   MP:        It affects your magic capacity (+6).
 b - the +3 Elemental Staff {rElec rF++ rC++ AC+5}
   (You acquired it in a sewer)

   If the wielder is skilled in Evocations, they can discharge powerful blasts
   of elemental energy when striking with it.
   It enhances your fire, ice, earth and air magic.
   AC:        It affects your AC (+5).
   rF:        It greatly protects you from fire.
   rC:        It greatly protects you from cold.
   rElec:     It insulates you from electricity.
 c - the +7 lajatang of Order {silver, rMut}
   (You took it off a vault sentinel on level 5 of the Vaults)

   It inflicts extra damage upon those it strikes, and deals substantially
   increased damage to chaotic, mutated and magically transformed beings.
   rMut:      It protects you from mutation.
 s - the +7 sceptre of Asmodeus
   (You took it off Asmodeus on level 7 of Gehenna)

   It can be evoked to summon fiery demons, with success rate depending on
   Evocations skill.
   Those summoned this way will remain friendly only for a limited time.
Missiles
 x - 2 throwing nets
Armour
 d - the +2 cloak of Beogh's Castigation (worn) {+Inv Regen+ Str+7 Stlth+}
   (You found it in Pandemonium)

   Str:       It affects your strength (+7).
   +Inv:      It lets you turn invisible.
   Regen:     It increases your rate of health regeneration.
   Stlth:     It makes you more stealthy.
 e - a +3 buckler of protection
 p - the +0 cloak "Dykhiam" {Harm}
   (You bought it in a shop on level 4 of the Vaults)

   Harm:      It increases damage dealt and taken.
 N - the +0 pair of gloves "Wiqacacu" (worn) {rPois rN+++ rCorr Int-3}
   (You found it on level 5 of the Vaults)

   Int:       It affects your intelligence (-3).
   rPois:     It protects you from poison.
   rN:        It renders you almost immune to negative energy.
   rCorr:     It protects you from acid and corrosion.
 R - a +2 helmet of see invisible (worn)
 Y - +9 ice dragon scales (worn)
Jewellery
 f - the ring of Esmuel (right hand) {Contam rElec MP+9 Str+5 Int+10}
   (You found it on level 3 of the Abyss)

   [ring of magical power]

   Str:       It affects your strength (+5).
   Int:       It affects your intelligence (+10).
   rElec:     It insulates you from electricity.
   MP:        It affects your magic capacity (+9).
   Contam:    It causes magical contamination when unequipped.
 k - an amulet of regeneration
 o - an amulet of the acrobat
 y - the ring of the Tortoise (left hand) {AC+8}
   (You took it off a deep elf sorcerer on level 3 of the Elven Halls)

   [ring of protection]

   AC:        It affects your AC (+8).
 F - the ring of Faejo {rC- rCorr Str+5 Int+3 Dex+10}
   (You bought it in a shop on level 3 of the Depths)

   [ring of resist corrosion]

   Str:       It affects your strength (+5).
   Int:       It affects your intelligence (+3).
   Dex:       It affects your dexterity (+10).
   rC:        It makes you vulnerable to cold.
   rCorr:     It protects you from acid and corrosion.
 H - an amulet of reflection
 L - the ring "Emyge" {rElec Will+ Str+6 Int-3 SInv}
   (You bought it in a shop on level 1 of the Shoals)

   [ring of see invisible]

   Str:       It affects your strength (+6).
   Int:       It affects your intelligence (-3).
   rElec:     It insulates you from electricity.
   SInv:      It lets you see invisible.
   Will:      It increases your willpower.
 O - the amulet "Agurodes" (around neck) {Harm Regen+ Int-2 Dex+4 Stlth-}
   (You found it on level 7 of Tartarus)

   [amulet of regeneration]

   Int:       It affects your intelligence (-2).
   Dex:       It affects your dexterity (+4).
   Regen:     It increases your rate of health regeneration.
   Harm:      It increases damage dealt and taken.
   Stlth:     It makes you less stealthy.
 S - the ring "Heokiw" {rF+ rC+ Str-5 Dex+4 Stlth+}
   (You found it in Pandemonium)

   [ring of protection from fire]

   Str:       It affects your strength (-5).
   Dex:       It affects your dexterity (+4).
   rF:        It protects you from fire.
   rC:        It protects you from cold.
   Stlth:     It makes you more stealthy.
Wands
 i - a wand of roots (36)
 l - a wand of quicksilver (20)
 C - a wand of digging (31)
 U - a wand of polymorph (9)
 Z - a wand of charming (22)
Scrolls
 g - 7 scrolls of vulnerability
 h - 5 scrolls of torment
 r - 17 scrolls of enchant weapon
 v - 34 scrolls of teleportation
 z - a scroll of blinking
 B - a scroll of summoning
 D - 10 scrolls of magic mapping
 I - 5 scrolls of brand weapon
 T - 5 scrolls of immolation
 X - 6 scrolls of fear
Potions
 m - 5 potions of berserk rage
 n - 6 potions of might
 q - 3 potions of resistance
 t - 9 potions of mutation
 u - 5 potions of haste
 A - 2 potions of invisibility
 E - 5 potions of cancellation
 G - 4 potions of heal wounds
 K - 2 potions of ambrosia
 M - 16 potions of curing
 Q - 9 potions of brilliance
Miscellaneous
 j - the horn of Geryon
 w - a tin of tremorstones (2/2)
 J - a condenser vane (inert)
 P - a box of beasts (inert)
 V - a phial of floods (inert)
 W - a phantom mirror (inert)


   Skills:
 O Level 27 Fighting
 - Level 13.0 Staves
 O Level 27 Armour
 O Level 27 Dodging
 - Level 10.0 Stealth
 - Level 12.0 Shields
 O Level 27 Spellcasting
 + Level 18.0 Evocations


You couldn't memorise any spells.
You knew the following spells:

 Your Spells              Type           Power      Damage    Failure   Level
a - Foxfire               Conj/Fire      100%       2x1d9     1%          1
b - Scorch                Fire           100%       2d10      1%          2
c - Conjure Flame         Conj/Fire      100%       6-21      1%          3
d - Inner Flame           Hex/Fire       100%       N/A       1%          3
e - Flame Wave            Conj/Fire      100%       2d21      1%          4
f - Magic Dart            Conj           100%       1d8       1%          1
g - Passwall              Tmut/Erth      100%       N/A       1%          2
h - Portal Projectile     Hex/Tloc       100%       N/A       1%          3
i - Ice Form              Ice/Tmut       100%       N/A       1%          4
j - Animate Armour        Summ/Erth      100%       N/A       1%          4
k - Irradiate             Conj/Tmut      83%        3d39      1%          5
l - Iron Shot             Conj/Erth      83%        9d15      1%          6
m - Conjure Ball Lightni  Conj/Air       83%        3x3d31    1%          6
n - Simulacrum            Ice/Necr       83%        N/A       1%          6
o - Orb of Destruction    Conj           83%        9d18      1%          7
p - Infestation           Necr           83%        N/A       1%          8
q - Dragon's Call         Summ           83%        N/A       2%          9
r - Polar Vortex          Ice            83%        N/A       2%          9
Your spell library was empty.

Dungeon Overview and Level Annotations

Branches:
Dungeon (15/15)            Temple (1/1) D:4            Lair (5/5) D:11
 Shoals (4/4) Lair:2       Spider (4/4) Lair:2        Slime (5/5) Lair:5
    Orc (2/2) D:9             Elf (3/3) Orc:2        Vaults (5/5) D:13
  Crypt (0/3) Vaults:3     Depths (3/4) D:15           Hell (visited)
    Dis (0/7) Hell            Geh (7/7) Hell            Coc (7/7) Hell
    Tar (7/7) Hell          Sewer (visited)          Bailey (visited)
  IceCv (visited)          WizLab (visited)

Altars:
Ashenzari
Cheibriados
Dithmenos
Elyvilon
Fedhas
Gozag
Hepliaklqana
Makhleb
Nemelex Xobeh
Okawaru
Qazlal
Ru
Trog
Uskayaw
Wu Jian
Xom
Yredelemnul
Zin
The Shining One
Jiyva

Shops:
D:3 *(*   D:6 [   D:9 [   D:10 *   D:11 =   D:13 =   Orc:2 *[?=(   Elf:1 (!
Elf:2 ?   Lair:5 ?   Shoals:1 *=   Shoals:3 [   Vaults:1 (   Vaults:2 =
Vaults:4 *=   Hell !=   Depths:1 ([[   Depths:3 =([[

Portals:
Hell: Depths:1 Depths:2 Depths:3
Abyss: Depths:2 Depths:3
Pandemonium: Orc:2 Depths:2 Depths:3

Annotations:
Depths:2 2 transporters - need strong melee
Tar:7 Ereshkigal


Innate Abilities, Weirdness & Mutations

You are immune to sickness and miasma.
You are immune to poison.
Your flesh is very heat resistant. (rF++)
You are vulnerable to cold. (rC-)
You float through the air rather than walking.
You learn spells naturally, not from books.
Your magical power is your life essence.
You have superior vitality. (+4 MHP)
You are clumsy. (Dex -2)
Your body often deteriorates upon taking damage.
You are frail. (-10% HP)
You are strong-willed. (Will+)
You passively map a small area around you.
You occasionally shout uncontrollably at your foes.
Your spells are a little harder to cast, but a little more powerful.
You occasionally lose the ability to drink potions when taking damage.


Message History

Your spectral juggernaut completely resists.
The bolt of negative energy hits your bone dragon.
Your bone dragon completely resists.
The bolt of negative energy hits you but does no damage.
You resist.
Your ice dragon barely misses the Tzitzimitl.
Your ice dragon claws the Tzitzimitl.
Your ice dragon closely misses the Tzitzimitl.
The Tzitzimitl engulfs your shadow dragon!
The Tzitzimitl drains your shadow dragon's vigour!
Your shadow dragon seems to slow down.
The Tzitzimitl bites your shadow dragon but does no damage.
Your spectral juggernaut closely misses the Tzitzimitl.
Your spectral juggernaut barely misses the Tzitzimitl. [a] - 184 gold - heal wounds and curing [b] - 375 gold - haste and heal wounds [c] - 750 gold - haste, heal wounds and resistance Purchase which effect?
You feel yourself speed up.
You feel much better.
Your spectral shard shrike claws the Tzitzimitl!
Your spectral shard shrike barely misses the Tzitzimitl.
Something hits your spectral juggernaut!!
Your shadow dragon barely misses the Tzitzimitl.
Your shadow dragon claws the Tzitzimitl but does no damage.
Your shadow dragon claws the Tzitzimitl.
The Tzitzimitl gestures at you.
The bolt of negative energy hits your spectral juggernaut.
Your spectral juggernaut completely resists.
The bolt of negative energy hits your bone dragon.
Your bone dragon completely resists.
The bolt of negative energy misses you.
Your storm dragon bites the hellephant but does no damage.
Your storm dragon closely misses the hellephant. x2
The hellephant breathes flames at you.
The blast of flame hits your spectral juggernaut!!!
The blast of flame hits your bone dragon!!
Your bone dragon resists.
The blast of flame hits you!!! You resist.
You die...
Your body crumbles into a pile of gold.

################################
................................
................................
.................####..........#
#.............#####$.####.....###
#...........###.........#######..
#^........###W..$$..$............
#........##..D.@.................
#........##..###DZ###............
#........#####..ZZ$.###.......###
#........# #....Y1D.~.###.....# #
#........##.....D~§~§..##....####
#.......###.8.§.§1§D~8.###.###..#
#.......# #....1§§§1§..# ###.....
#......## ......~§§§§...# #^.....
#......# ..8........8..# #..#...


You could see a hellephant (catching breath, ally target), 3 Tzitzimimeh, 2
friendly bone dragons, a friendly shadow dragon (summoned, slow), a friendly
storm dragon (summoned, drained), a friendly ice dragon (summoned), a friendly
putrid mouth (summoned), a friendly spectral harpy (summoned), a friendly
spectral shard shrike (summoned) and a friendly spectral juggernaut (summoned,
slow).

Vanquished Creatures
  Cerebov (Pan)
  Asmodeus (Geh:7)
  Dissolution (Slime:3)
  the Royal Jelly (Slime:5)
  Gloorx Vloq (Pan)
  the Serpent of Hell (Geh:7)
  Lom Lobon (Pan)
  3 pandemonium lords (Pan)
  Mnoleg (Pan)
  3 dread liches
  4 ancient liches
  Mennas (Pan)
  A juggernaut (Depths:3)
  22 shard shrikes
  Bai Suzhen (Depths:1)
  Frederick (Vaults:5)
  2 caustic shrikes (Depths:3)
  Geryon (Hell)
  16 bone dragons
  A golden dragon (Depths:1)
  A Hellbinder (WizLab)
  8 profane servitors
  Arachne (Spider:4)
  10 doom hounds
  12 Brimstone Fiends
  19 Tzitzimimeh
  The ghost of Diaqofic the Fetichist, an adept GnAr of Dithmenos (Elf:3)
  Jorgrun (Spider:2)
  2 Hell Sentinels
  10 hellephants
  14 Ice Fiends
  13 searing wretches
  11 tentacled monstrosities
  2 walking earthen tomes (Depths:3)
  Asterion (Spider:4)
  7 tainted leviathans
  A walking divine tome (Depths:3)
  3 liches (Depths:3)
  A deep elf blademaster (Elf:3)
  15 acid blobs
  A kraken (Shoals:1)
  A deep elf master archer (Elf:3)
  25 titans
  2 sphinxes
  Frances (Shoals:2)
  2 quicksilver dragons
  The ghost of Cimid the Impaler, an adept MfGl of the Shining One (Shoals:1)
  4 ancient champions
  12 Executioners (Pan)
  13 tentacled starspawn
  Polyphemus (Shoals:3)
  Kirke (D:13)
  6 tengu reavers
  5 shadow dragons
  7 demonspawn warmongers (Pan)
  A revenant (Hell)
  Ilsuiw (Shoals:2)
  14 narguns
  10 azure jellies
  25 fire giants
  5 rockslimes (Slime:5)
  A draconian knight (Abyss:4)
  6 storm dragons
  Aizul (Spider:4)
  15 frost giants
  12 vault wardens
  Louise (Depths:2)
  5 ghost moths
  4 orc warlords
  48 balrugs
  9 deep elf sorcerers
  2 spectral juggernauts
  4 emperor scorpions
  A spectral caustic shrike (Tar:1)
  5 shard shrike simulacra
  3 draconian annihilators (Pan)
  8 demonspawn corrupters (Pan)
  20 ironbound preservers
  8 demonspawn blood saints
  3 war gargoyles
  25 very ugly things
  4 deep elf elementalists (Elf:3)
  17 cacodemons
  A curse skull (Pan)
  3 broodmothers
  A juggernaut skeleton (Pan)
  An ophan (Abyss:3)
  8 ironbound thunderhulks
  11 quicksilver oozes
  2 spriggan defenders (Depths:2)
  2 starflowers (Abyss:4)
  6 stone giants
  23 reapers
  A stone giant (shapeshifter) (Vaults:5)
  4 vampire knights
  5 deep elf demonologists (Elf:3)
  12 deep elf annihilators
  21 elemental wellsprings
  8 putrid mouths
  8 entropy weavers
  13 lorocyprocas
  7 spark wasps
  4 demonspawn black suns (Pan)
  23 dire elephants
  18 wendigos
  13 blizzard demons
  An iron golem (Hell)
  13 merfolk impalers
  8 ettins
  A deep elf death mage (Elf:3)
  A great orb of eyes (shapeshifter) (Vaults:5)
  14 green deaths
  5 merfolk javelineers
  19 great orbs of eyes
  3 fire dragons
  4 deep elf high priests
  2 spriggan air magi
  13 yaktaur captains
  8 hell beasts
  4 rakshasas
  8 boulder beetles
  2 juggernaut simulacra
  3 spriggan zombies
  11 salamander tyrants
  5 ice dragons
  9 hydras
  11 caustic shrike simulacra
  3 spectral spriggans
  3 peacekeepers
  13 centaur warriors
  3 demonspawn (Orc:2)
  37 vault guards
  An ogre mage (Vaults:5)
  Fannar (D:11)
  10 stokers
  An alligator snapping turtle (Shoals:4)
  4 radroaches
  5 two-headed ogres
  2 catoblepae
  3 merfolk avatars
  4 ironbound frosthearts
  A death knight (D:11)
  2 spectral stone giants
  4 deep troll shamans
  6 merfolk aquamancers
  7 tengu warriors
  23 hell hogs
  11 death yaks
  2 thrashing horrors
  A vampire mage (Depths:2)
  28 dancing weapons
  3 deep troll earth magi
  4 spriggan berserkers
  107 sun demons
  5 orc high priests
  3 spectral dire elephants
  3 spriggans
  46 soul eaters
  3 shock serpents (Pan)
  9 deep elf knights
  10 hell knights
  A titan skeleton (Hell)
  9 wretched stars
  29 sixfirhies
  5 pharaoh ants
  3 spectral death yaks (Lair:5)
  3 sun moths (Spider:2)
  11 iron trolls
  A steelbarb worm (shapeshifter) (Vaults:5)
  2 spectral anacondas
  2 spectral bunyips
  9 skeletal warriors
  12 shadow wraiths
  10 orb spiders
  A bunyip zombie (Abyss:1)
  71 deep trolls
  19 shadow demons
  12 steelbarb worms
  A deep troll (shapeshifter) (Vaults:5)
  An orb spider (shapeshifter) (Abyss:1)
  10 sea snakes
  3 flayed ghosts
  6 quicksilver dragon simulacra
  A spectral iron dragon (Tar:5)
  A swamp dragon (shapeshifter) (Abyss:3)
  2 obsidian statues
  A golden dragon zombie (Hell)
  A spectral hydra (Tar:2)
  11 glowing orange brains
  An anaconda skeleton (Abyss:1)
  A bog body (IceCv)
  11 lindwurms
  3 orange crystal statues
  14 wizards
  8 spriggan simulacra
  11 deep elf archers
  7 phantasmal warriors
  20 ironbound convokers
  14 harpies
  19 deep elf pyromancers
  18 deep elf zephyrmancers
  15 wolf spiders
  9 necromancers
  3 oklob plants (Lair:5)
  15 orc knights
  A frost giant zombie (D:15)
  17 manticores
  5 fauns
  11 orc sorcerers
  8 shining eyes
  34 ugly things
  3 worldbinders
  8 cyclopes
  A manticore (shapeshifter) (Vaults:5)
  A spectral alligator snapping turtle (Tar:1)
  A dire elephant zombie (Lair:5)
  12 elephants (Lair:5)
  2 guardian serpents (Depths:1)
  2 nameless horrors
  8 moths of wrath
  Maurice (D:11)
  4 titan simulacra
  A centaur zombie (Hell)
  14 merfolk sirens
  6 eyes of devastation
  8 molten gargoyles
  21 vault sentinels
  7 black mambas
  8 water nymphs
  3 apocalypse crabs
  50 smoke demons
  2 gargoyles
  13 cane toads
  2 ice statues (Coc:7)
  5 torpor snails
  22 demonic crawlers
  14 rust devils
  A centaur skeleton (Pan)
  4 kobold demonologists
  20 orange demons
  11 efreet
  21 hellions
  3 unseen horrors
  8 freezing wraiths
  14 komodo dragons
  4 bunyip simulacra
  A sea snake zombie (Hell)
  An orc skeleton (Pan)
  18 rime drakes
  42 yaktaurs
  33 hellwings
  15 tormentors
  2 spectral nagas
  4 tengu conjurers
  8 anaconda simulacra
  3 iron giant simulacra
  12 ice devils
  A golden dragon simulacrum (Coc:4)
  A silent spectre (Tar:5)
  A spectral harpy (Tar:5)
  8 red devils
  A queen bee (Spider:3)
  4 trolls
  7 ancient zymes
  A hydra zombie (Hell)
  4 hornets
  13 meliai
  28 merfolk
  4 polar bears
  A tarantella (shapeshifter) (Vaults:5)
  Prince Ribbit (D:7)
  A shadow dragon simulacrum (Coc:1)
  8 wind drakes
  A harpy skeleton (Pan)
  10 raiju
  37 tarantellas
  66 slime creatures
  2 alligator zombies (Hell)
  34 blink frogs
  A hydra skeleton (Pan)
  10 snapping turtles
  2 spectral elephants (Lair:5)
  Sigmund (D:2)
  22 jumping spiders
  3 naga simulacra
  2 spriggan skeletons
  11 flying skulls
  18 water elementals
  20 culicivoras
  11 air elementals
  A shadow (D:6)
  6 dire elephant simulacra
  A vampire (D:12)
  2 centaur simulacra
  26 starcursed masses
  27 yaks
  An alligator skeleton (Hell)
  2 wraiths
  62 ynoxinuls
  4 fire elementals
  A hog (shapeshifter) (Vaults:5)
  2 fire bats (Abyss:3)
  3 hogs (D:13)
  7 wyverns
  2 alligator snapping turtle simulacra
  A black mamba skeleton (Pan)
  6 basilisks
  A sea snake simulacrum (Hell)
  8 minotaur simulacra
  16 golden eyes
  38 redbacks
  59 chaos spawn
  18 neqoxecs
  13 steam dragons
  12 harpy simulacra
  50 large abominations
  A warg (Orc:2)
  4 acid dragons
  8 vampire mosquitoes
  A spectral cane toad (Lair:5)
  5 hell hounds (Pan)
  14 water moccasins
  21 small abominations
  Duvessa (D:4)
  A floating eye (shapeshifter) (Vaults:5)
  3 hydra simulacra
  A black bear (D:6)
  A floating eye (Depths:3)
  5 sky beasts
  4 ettin simulacra
  35 orc warriors
  6 boggarts
  A black mamba simulacrum (Hell)
  2 elephant zombies (Lair:5)
  2 ice beasts
  2 alligator simulacra
  6 wolves (Lair:2)
  12 centaurs
  An elephant skeleton (Lair:5)
  7 ogres
  8 kobold brigands
  14 bullfrogs
  2 gnoll sergeants (D:13)
  2 earth elementals
  2 necrophages
  2 cane toad simulacra (Lair:5)
  4 deep troll simulacra
  4 scorpions
  A wight (Abyss:1)
  Dowan (D:4)
  An elephant simulacrum (Lair:5)
  36 killer bees
  2 howler monkeys
  12 electric eels
  3 jellies
  3 crimson imps (D:5)
  A quasit (Abyss:1)
  2 iron imps
  16 orc priests
  A gnoll bouda (D:8)
  5 hounds
  12 iguanas
  10 orc wizards
  6 hell rats (Lair:3)
  9 gnolls
  5 adders
  3 white imps
  An ufetubus (Abyss:3)
  3 worms
  61 orcs
  10 endoplasms
  2 giant cockroaches
  7 goblins
  7 hobgoblins
  8 jackals
  2 quokkas (D:4)
  8 ball pythons
  10 bats
  7 frilled lizards
  37 kobolds
  4 rats
  4 ball lightnings
  3 bushes
  3 creeping infernos
  27 fire vortices
  2 lurking horrors
  9 starspawn tentacles
  4 tentacles (Shoals:1)
3406 creatures vanquished.

Vanquished Creatures (collateral kills)
  Antaeus (Coc:7)
  A dread lich (Geh:1)
  An ancient lich (Tar:7)
  Sojobo (Vaults:5)
  2 shard shrikes
  2 pandemonium lords (Pan)
  2 bone dragons
  3 doom hounds
  3 Tzitzimimeh
  3 Brimstone Fiends
  A hellephant (Geh:7)
  A spectral shard shrike (Tar:6)
  5 Ice Fiends (Coc:7)
  A searing wretch (Geh:1)
  3 tainted leviathans
  2 titans
  A lich (Abyss:4)
  8 Executioners (Pan)
  A walking frostbound tome (Abyss:4)
  2 tentacled starspawn
  A rockslime (Slime:5)
  A tengu reaver (Vaults:5)
  2 demonspawn warmongers (Pan)
  A daeva (Abyss:1)
  2 fire giants
  A vault warden (Vaults:1)
  A spectral caustic shrike (Tar:5)
  A frost giant (Coc:5)
  4 cacodemons (Pan)
  6 balrugs
  An iron dragon (Vaults:5)
  A spectral juggernaut (Tar:5)
  An angel (Pan)
  A curse skull (Pan)
  A demonspawn corrupter (Pan)
  A war gargoyle (Vaults:5)
  5 reapers (Pan)
  2 ironbound preservers
  A vampire knight (Hell)
  A very ugly thing (Abyss:4)
  A spectral titan (Tar:5)
  11 elemental wellsprings
  A starflower (Abyss:4)
  3 ironbound thunderhulks
  A putrid mouth (Tar:6)
  2 lorocyprocas (Pan)
  2 demonspawn black suns (Pan)
  2 wendigos (Coc:7)
  A spark wasp (Depths:3)
  4 blizzard demons
  A green death (Pan)
  An eidolon (Tar:5)
  A spectral golden dragon (Tar:5)
  A yaktaur captain (Vaults:5)
  2 great orbs of eyes
  3 spectral spriggans (Tar:5)
  2 vault guards
  2 salamander tyrants (Geh:7)
  An ironbound frostheart (Vaults:1)
  2 juggernaut simulacra
  A jorogumo (Spider:3)
  An ogre mage (Vaults:5)
  An ice dragon (Hell)
  A centaur warrior (Vaults:1)
  10 hell hogs
  A death yak (Lair:4)
  A thrashing horror (Abyss:3)
  8 soul eaters
  2 wretched stars (Abyss:4)
  15 sun demons
  2 hell knights
  2 spectral nagas (Tar:5)
  A skeletal warrior (Hell)
  3 sixfirhies (Pan)
  9 large abominations
  3 shadow wraiths (Tar:7)
  2 deep trolls (Vaults:4)
  A spectral anaconda (Tar:5)
  A deep elf archer (Elf:1)
  2 orc knights (Vaults:4)
  2 deep elf pyromancers (Elf:1)
  2 deep elf zephyrmancers (Elf:2)
  An ironbound convoker (Vaults:1)
  An oklob plant (Abyss:4)
  2 ugly things (Depths:2)
  A worldbinder (Abyss:1)
  A rust devil (Pan)
  7 smoke demons
  2 vault sentinels
  An apocalypse crab (Abyss:4)
  4 orange demons (Pan)
  A titan simulacrum (Coc:7)
  A hellion (Pan)
  4 yaktaurs
  An efreet (Pan)
  2 demonic crawlers (Pan)
  5 hellwings (Pan)
  An iron giant simulacrum (Coc:6)
  2 tormentors
  2 spectral harpies (Tar:5)
  2 silent spectres
  2 red devils (Pan)
  2 ancient zymes (Abyss:4)
  A slime creature (Vaults:3)
  A jumping spider (Spider:3)
  A starcursed mass (Abyss:3)
  9 flying skulls
  A nameless horror (Pan)
  9 ynoxinuls
  2 golden eyes (Pan)
  A fire elemental (Elf:1)
  A chaos spawn (Pan)
  7 neqoxecs (Pan)
  A redback (Spider:3)
  2 harpy simulacra
  2 floating eyes (Pan)
  An ettin simulacrum (Coc:5)
  An earth elemental (Elf:2)
  A crimson imp (Abyss:4)
  A quasit (Abyss:1)
  An ufetubus (Abyss:3)
  6 ball lightnings
  4 fire vortices (Geh:2)
  6 foxfires
  4 starspawn tentacles (Abyss:4)
302 creatures vanquished.

Vanquished Creatures (others)
  Nikola (Depths:1)
  An Ice Fiend (Coc:5)
  A demonspawn corrupter (Pan)
  2 caustic shrike simulacra (Coc:7)
  A hell hog (Geh:7)
  A sun demon (Hell)
  A spriggan simulacrum (Coc:7)
  A deep elf zephyrmancer (Elf:1)
  A large abomination (Abyss:1)
  A bunyip simulacrum (Coc:2)
  A jumping spider (Spider:4)
  A dire elephant simulacrum (Coc:7)
  A ynoxinul (Pan)
  A human (D:13)
  A harpy simulacrum (Coc:4)
  A small abomination (Abyss:1)
  An orc priest (Orc:2)
  2 gnolls (D:13)
  An ufetubus (Abyss:4)
  133 ball lightnings
  A bush (Lair:5)
  9 demonic plants
  3 fire vortices
  950 foxfires
  44 fungi
  197 plants
  31 starspawn tentacles
  41 withered plants
1430 creatures vanquished.

Grand Total: 5138 creatures vanquished

Notes
Turn   | Place    | Note
-------+----------+-------------------------------------------
     0 | D:1      | wingedge the Djinni Fire Elementalist began the quest for
                  | the Orb.
     0 | D:1      | wingedge set off with the following spells memorised:
                  | Foxfire, Scorch, Conjure Flame, Inner Flame, Flame Wave.
     0 | D:1      | Reached XP level 1. HP: 15/15 MP: 0/0
    87 | D:1      | Found a faded altar of an unknown god.
   132 | D:1      | Reached skill level 1 in Fighting
   329 | D:1      | Reached XP level 2. HP: 14/22 MP: 0/0
  1571 | D:2      | Reached XP level 3. HP: 24/28 MP: 0/0
  1571 | D:2      | Learned a level 1 spell: Magic Dart
  2032 | D:2      | Noticed Sigmund
  2473 | D:3      | Found a hazy altar of Hepliaklqana.
  2486 | D:3      | Found Ezos's Assorted Antiques.
  2515 | D:3      | Found a snail-covered altar of Cheibriados.
  2592 | D:3      | Found Heotahae's Antique Weapon Boutique.
  2694 | D:3      | Found Zin's Purification Station.
  2706 | D:3      | Reached XP level 4. HP: 28/34 MP: 0/0
  2709 | D:3      | Found a glowing silver altar of Zin.
  3240 | D:4      | Found a glowing drain.
  3271 | D:4      | Noticed an ogre
  3277 | D:4      | Killed an ogre
  3278 | D:4      | Reached XP level 5. HP: 17/40 MP: 0/0
  3278 | D:4      | Learned a level 2 spell: Passwall
  3484 | Sewer    | Entered a sewer
  3666 | Sewer    | Reached XP level 6. HP: 44/46 MP: 0/0
  3974 | Sewer    | Identified a scroll of acquirement
  4231 | Sewer    | Acquired the +3 Elemental Staff {rElec rF++ rC++ AC+5}
  4231 | Sewer    | Found the +3 Elemental Staff {rElec rF++ rC++ AC+5}
  4312 | D:4      | Noticed Dowan
  4333 | D:4      | Noticed Duvessa
  4341 | D:4      | Killed Dowan
  4342 | D:4      | Reached XP level 7. HP: 10/52 MP: 0/0
  4342 | D:4      | Learned a level 3 spell: Portal Projectile
  4343 | D:4      | Killed Duvessa
  4344 | D:4      | Reached skill level 1 in Staves
  4344 | D:4      | Reached skill level 1 in Evocations
  4631 | D:4      | Found a staircase to the Ecumenical Temple.
  4638 | Temple   | Entered the Ecumenical Temple
  4638 | Temple   | Found a transporter.
  4638 | Temple   | Found a transporter.
  4640 | Temple   | Found a transporter.
  4640 | Temple   | Found a transporter.
  4682 | Temple   | Became a worshipper of Gozag Ym Sagoz the Greedy
  4874 | D:4      | Reached skill level 5 in Spellcasting
  5444 | D:4      | Reached skill level 1 in Armour
  5500 | D:5      | Entered Level 5 of the Dungeon
  5502 | D:5      | Found a basalt altar of Yredelemnul.
  5556 | D:5      | Reached XP level 8. HP: 54/58 MP: 0/0
  6040 | D:5      | Found a white marble altar of Elyvilon.
  6203 | D:5      | Acquired a manual of Spellcasting
  6390 | D:5      | Found a shimmering altar of Xom.
  6416 | D:5      | Reached skill level 5 in Fighting
  6740 | D:6      | Found a shadowy altar of Dithmenos.
  6843 | D:6      | Found Midejifa's Antique Armour Boutique.
  6891 | D:6      | Reached XP level 9. HP: 50/65 MP: 0/0
  6891 | D:6      | Learned a level 4 spell: Ice Form
  7071 | D:6      | Bought a glowing leather armour for 140 gold pieces
  7087 | D:6      | Bought a helmet for 126 gold pieces
  7087 | D:6      | Bought a pair of gloves for 126 gold pieces
  7131 | D:6      | Found an ornate altar of the Wu Jian Council.
  7251 | D:6      | Found a sparkling altar of Nemelex Xobeh.
  7324 | D:6      | Noticed a troll
  7329 | D:6      | Killed a troll
  7359 | D:6      | Killed an unseen horror
  8024 | D:7      | Reached XP level 10. HP: 63/70 MP: 0/0
  8030 | D:7      | Noticed Prince Ribbit
  8038 | D:7      | Killed Prince Ribbit
  8039 | D:7      | Reached skill level 10 in Spellcasting
  8048 | D:7      | Identified the +2 leather armour "Kalyghae" {Rampage}
  8081 | D:7      | Reached skill level 5 in Dodging
  8382 | D:7      | Noticed a boulder beetle
  9253 | D:7      | HP: 3/72 [boulder beetle (13)]
  9726 | D:7      | Found an iron altar of Okawaru.
  9904 | D:8      | Noticed a two-headed ogre
  9905 | D:8      | Found a flagged portal.
  9910 | D:8      | Killed a two-headed ogre
  9934 | Bailey   | Entered a bailey
 10020 | Bailey   | Reached XP level 11. HP: 56/79 MP: 0/0
 10020 | Bailey   | Learned a level 4 spell: Animate Armour
 10244 | Bailey   | Noticed an orc sorcerer
 10262 | Bailey   | Found an iron altar of Okawaru.
 10267 | Bailey   | Noticed an orc high priest
 10276 | Bailey   | Reached skill level 5 in Staves
 10280 | Bailey   | Killed an orc high priest
 10299 | Bailey   | Killed an orc sorcerer
 10462 | Bailey   | Identified the +4 dagger "Impslayer" {freeze, rPois Str+2}
 11305 | Bailey   | Acquired a manual of Dodging
 11975 | D:8      | Found a stormy altar of Qazlal.
 12049 | D:8      | Found a glowing golden altar of the Shining One.
 13366 | D:9      | Reached XP level 12. HP: 70/86 MP: 0/0
 13559 | D:9      | Found a bloodstained altar of Trog.
 13578 | D:9      | Reached skill level 10 in Dodging
 13697 | D:9      | Found a staircase to the Orcish Mines.
 13896 | D:10     | Entered Level 10 of the Dungeon
 14224 | D:10     | Noticed a five-headed hydra
 14227 | D:10     | Killed a five-headed hydra
 14231 | D:10     | Noticed a two-headed ogre
 14235 | D:10     | Killed a two-headed ogre
 14561 | D:10     | Noticed a soul eater
 14809 | D:10     | Found Noat Esk's Assorted Antiques.
 14814 | D:10     | Bought a scroll of identify for 58 gold pieces
 14814 | D:10     | Bought a potion of heal wounds for 145 gold pieces
 14814 | D:10     | Bought a scroll of identify for 58 gold pieces
 14814 | D:10     | Bought a glimmering long sword for 246 gold pieces
 14814 | D:10     | Identified the +3 long sword "Killer Bee's Curse" {freeze,
                  | SInv} (You bought it in a shop on level 10 of the Dungeon)
 15374 | D:11     | Noticed Fannar
 15380 | D:11     | Killed Fannar
 15682 | D:11     | Noticed a death knight
 15839 | D:11     | Noticed a two-headed ogre
 15841 | D:11     | Killed a two-headed ogre
 15956 | D:11     | Noticed a two-headed ogre
 15959 | D:11     | Killed a two-headed ogre
 16319 | D:11     | Noticed Maurice
 16323 | D:11     | Killed Maurice
 16458 | D:11     | Noticed a death yak
 16459 | D:11     | Found a staircase to the Lair.
 16475 | D:11     | Killed a death yak
 16735 | D:11     | You are sucked into a shaft and drop 1 floor!
 16938 | D:11     | Killed a death knight
 16981 | D:11     | Bought an amulet of reflection for 330 gold pieces
 16996 | D:12     | Reached XP level 13. HP: 25/94 MP: 0/0
 16996 | D:12     | Learned a level 5 spell: Irradiate
 17394 | D:11     | Bought the ring "Qavueniu" {rCorr Dex+6} for 534 gold
                  | pieces
 17479 | D:12     | Reached skill level 10 in Fighting
 18014 | D:12     | Noticed a four-headed hydra
 18017 | D:12     | Reached skill level 15 in Dodging
 18021 | D:12     | Killed a four-headed hydra
 18137 | Lair:1   | Entered Level 1 of the Lair of Beasts
 18145 | Lair:1   | You are sucked into a shaft and drop 1 floor!
 18146 | Lair:2   | Found a hole to the Spider Nest.
 18584 | Lair:1   | Noticed a catoblepas
 18594 | Lair:1   | Killed a catoblepas
 19241 | Lair:2   | Found a staircase to the Shoals.
 20883 | Lair:3   | Reached XP level 14. HP: 95/107 MP: 0/0
 22096 | Lair:4   | Reached skill level 5 in Evocations
 22097 | Lair:4   | Reached skill level 5 in Armour
 23959 | Lair:5   | Entered Level 5 of the Lair of Beasts
 24155 | Lair:5   | Reached XP level 15. HP: 73/114 MP: 0/0
 24155 | Lair:5   | Learned a level 6 spell: Iron Shot
 24822 | Lair:5   | Bought a scroll of blinking for 135 gold pieces
 24822 | Lair:5   | Bought 2 scrolls of identify for 72 gold pieces
 24822 | Lair:5   | Bought a scroll of identify for 36 gold pieces
 24822 | Lair:5   | Bought a scroll of identify for 36 gold pieces
 24822 | Lair:5   | Bought a scroll of identify for 36 gold pieces
 24827 | Lair:5   | Bought a scroll of identify for 36 gold pieces
 25124 | Lair:5   | Found a viscous altar of Jiyva.
 25125 | Lair:5   | Found a staircase to the Slime Pits.
 26455 | Lair:5   | Reached skill level 15 in Fighting
 28141 | Orc:1    | Entered Level 1 of the Orcish Mines
 28159 | D:9      | Bought a +2 buckler of protection for 258 gold pieces
 28244 | D:9      | Bought the +0 pair of fencer's gloves {Riposte Dex+3} for
                  | 480 gold pieces
 28244 | D:9      | Found the +0 pair of fencer's gloves {Riposte Dex+3}
 28327 | Orc:2    | Entered Level 2 of the Orcish Mines
 28481 | Orc:2    | Found Naerel's Weapon Shop.
 28507 | Orc:2    | Reached skill level 1 in Shields
 29221 | Orc:2    | Found Usimonerph's General Store.
 29226 | Orc:2    | Found Goroddao's Magic Scroll Shoppe.
 29253 | Orc:2    | Reached XP level 16. HP: 47/126 MP: 0/0
 29558 | Orc:2    | Bought a scroll of identify for 26 gold pieces
 29561 | Orc:2    | Bought a scroll of fear for 48 gold pieces
 29561 | Orc:2    | Bought a scroll of blinking for 90 gold pieces
 29561 | Orc:2    | Bought a scroll of enchant weapon for 90 gold pieces
 29616 | Orc:2    | Reached skill level 5 in Stealth
 30210 | Orc:2    | Reached skill level 5 in Shields
 30449 | Orc:2    | Found Rideug's Antique Armour Shop.
 30449 | Orc:2    | Found Eheorus's Jewellery Boutique.
 30449 | Orc:2    | Found a one-way gate leading to the halls of Pandemonium.
 30467 | Orc:2    | Bought a pair of embroidered gloves for 195 gold pieces
 30610 | Orc:2    | Found a staircase to the Elven Halls.
 31409 | D:2      | Killed Sigmund
 31941 | D:12     | Identified the ring "Tixt" {Ice MP+9}
 33020 | D:13     | Noticed Kirke
 33028 | D:13     | Killed Kirke
 33096 | D:13     | Reached skill level 15 in Spellcasting
 34202 | D:13     | Found a gate to the Vaults.
 34521 | D:13     | Bought an amulet of regeneration for 600 gold pieces
 34610 | D:14     | Reached XP level 17. HP: 128/133 MP: 0/0
 34610 | D:14     | Learned a level 6 spell: Conjure Ball Lightning
 35437 | D:15     | Entered Level 15 of the Dungeon
 35495 | D:15     | Found a frozen archway.
 35560 | IceCv    | Entered an ice cave
 35880 | IceCv    | Identified the ring of Efekux {Ice MP+9}
 36498 | D:15     | Identified the +1 pair of gloves "Yschotz" {rN+ Dex+2}
 36581 | D:15     | Found a staircase to the Depths.
 37487 | Shoals:1 | Entered Level 1 of the Shoals
 37487 | Shoals:1 | Noticed Cimid's ghost (adept MfGl)
 37487 | Shoals:1 | Found a transporter.
 37887 | Shoals:1 | Found Keiloom's Assorted Antiques.
 37890 | Shoals:1 | Bought a scroll of enchant armour for 210 gold pieces
 37890 | Shoals:1 | Bought a scroll of enchant weapon for 210 gold pieces
 37890 | Shoals:1 | Bought a scroll of enchant armour for 210 gold pieces
 37890 | Shoals:1 | Bought a fine long sword for 238 gold pieces
 37890 | Shoals:1 | Identified the +8 long sword of Eternal Vigilance {freeze,
                  | *Corrode rF+ rC+ Stlth+} (You bought it in a shop on level
                  | 1 of the Shoals)
 37916 | Shoals:1 | Found a transporter.
 37936 | Shoals:1 | Killed Cimid's ghost
 38414 | Shoals:1 | Identified the amulet of the Sun {Faith rElec Slay+3
                  | Stlth+}
 38920 | Shoals:1 | Reached XP level 18. HP: 133/139 MP: 0/0
 39121 | Shoals:1 | Noticed a kraken
 39128 | Shoals:1 | Killed a kraken
 39804 | Shoals:2 | Noticed Frances
 39850 | Shoals:2 | Noticed Ilsuiw
 39875 | Shoals:2 | Killed Ilsuiw
 39910 | Shoals:2 | Killed Frances
 41033 | Shoals:3 | Noticed Polyphemus
 41225 | Shoals:3 | Killed Polyphemus
 42939 | Shoals:3 | Identified the +8 trident of Exquisite Death {venom, rN+
                  | Str+3 Dex+3}
 43490 | Shoals:3 | Found Mast's Antique Armour Shoppe.
 43498 | Shoals:3 | Bought a faintly humming leather armour for 168 gold pieces
 43498 | Shoals:3 | Identified the +1 leather armour of Rotation {Str+5} (You
                  | bought it in a shop on level 3 of the Shoals)
 43569 | Shoals:4 | Entered Level 4 of the Shoals
 43573 | Shoals:4 | Paralysed by an air elemental for 1 turns
 43626 | Shoals:4 | Gained mutation: Armour fits poorly on your strangely
                  | shaped body. [mutagenic glow]
 44101 | Shoals:4 | Found a shimmering altar of Xom.
 44160 | Shoals:4 | Paralysed by an air elemental for 1 turns
 45108 | Shoals:4 | Identified the +9 falchion "Hell-Harrower" {vorpal, *Slow
                  | rElec Will+ Dex+6}
 45284 | Shoals:4 | Reached XP level 19. HP: 134/149 MP: 0/0
 45284 | Shoals:4 | Learned a level 6 spell: Simulacrum
 45469 | Shoals:4 | Noticed a titan
 45495 | Shoals:4 | Killed a titan
 45611 | Shoals:4 | Got a barnacled rune of Zot
 46496 | Shoals:4 | Paralysed by an air elemental for 1 turns
 46822 | Spider:1 | Entered Level 1 of the Spider Nest
 48022 | Spider:2 | Noticed Jorgrun
 48119 | Spider:2 | Killed Jorgrun
 48283 | Spider:2 | Found the +12 glaive of Prune {vorpal}
 48975 | Spider:3 | Reached XP level 20. HP: 107/160 MP: 0/0
 48977 | Spider:3 | Reached skill level 10 in Shields
 49215 | Spider:3 | Acquired a manual of Evocations
 49565 | Spider:4 | Entered Level 4 of the Spider Nest
 49956 | Spider:4 | Noticed Asterion
 49965 | Spider:4 | Killed Asterion
 50165 | Spider:4 | Noticed Aizul
 50171 | Spider:4 | Killed Aizul
 50333 | Spider:4 | Reached skill level 10 in Evocations
 50369 | Spider:4 | Noticed Arachne
 50380 | Spider:4 | Killed Arachne
 50664 | Spider:4 | Got a gossamer rune of Zot
 51143 | Vaults:1 | Entered Level 1 of the Vaults
 52744 | Vaults:1 | Reached XP level 21. HP: 98/168 MP: 0/0
 52744 | Vaults:1 | Learned a level 7 spell: Orb of Destruction
 53147 | Shoals:1 | Bought the ring "Emyge" {rElec Will+ Str+6 Int-3 SInv} for
                  | 777 gold pieces
 54801 | Vaults:1 | Found Tuiham's Weapon Shop.
 55016 | Vaults:1 | Reached skill level 10 in Armour
 57268 | Vaults:2 | Identified the +9 mace of Niroixiv {spect, +Blink rElec}
 57598 | Vaults:2 | Found Inwap's Jewellery Emporium.
 60047 | Vaults:3 | Found a magical portal.
 60055 | WizLab   | Entered The Hall of the Hellbinder
 60357 | WizLab   | Reached XP level 22. HP: 125/178 MP: 0/0
 61055 | WizLab   | Lost mutation: Armour fits poorly on your strangely shaped
                  | body. [potion of mutation]
 61055 | WizLab   | Gained mutation: Your body sometimes deteriorates upon
                  | taking damage. [potion of mutation]
 61055 | WizLab   | Gained mutation: You expend health (3 HP) to strengthen
                  | your wands. [potion of mutation]
 61055 | WizLab   | Gained mutation: Your body often deteriorates upon taking
                  | damage. [potion of mutation]
 61055 | WizLab   | Gained mutation: You are partially covered in iridescent
                  | scales. (AC +2) [potion of mutation]
 61146 | WizLab   | Noticed Xawadus
 61150 | WizLab   | Killed Xawadus the Hellbinder
 61506 | WizLab   | Found a burning altar of Makhleb.
 61521 | WizLab   | Identified the ring of Weowesos {Ice Fly rN+ Int-5 Stlth+}
 61522 | WizLab   | Identified the +4 cloak "Naydech" {rC+ Dex+2}
 61615 | WizLab   | Identified the +0 cloak "Taodgh" {rElec rF+}
 62984 | Vaults:3 | Found a staircase to the Crypt.
 62984 | Vaults:3 | Found a basalt altar of Yredelemnul.
 63762 | Vaults:4 | Reached XP level 23. HP: 151/184 MP: 0/0
 63762 | Vaults:4 | Learned a level 8 spell: Infestation
 65441 | Vaults:4 | Found Tinicech's Jewellery Boutique.
 66398 | Elf:1    | Entered Level 1 of the Elven Halls
 66433 | Elf:1    | Found Lan Hem's Distillery.
 66624 | Elf:1    | Found Xeomp's Weapon Shop.
 67601 | Elf:1    | Paralysed by an air elemental for 1 turns
 67605 | Elf:1    | Paralysed by an air elemental for 1 turns
 68745 | Elf:2    | Found a runed translucent gate.
 68745 | Elf:2    | Found a runed translucent gate.
 68745 | Elf:2    | Found a runed translucent gate.
 68795 | Elf:2    | Found Cogeasus's Magic Scroll Shop.
 68935 | Elf:2    | Bought a scroll of magic mapping for 105 gold pieces
 70858 | Elf:3    | Entered Level 3 of the Elven Halls
 71038 | Elf:3    | Reached XP level 24. HP: 191/191 MP: 0/0
 72477 | Elf:3    | Found a runed translucent door.
 72480 | Elf:3    | Noticed Diaqofic's ghost (adept GnAr)
 72491 | Elf:3    | Killed Diaqofic's ghost
 73014 | Elf:3    | Identified the +8 flail of Wondrous Power {freeze, *Noise
                  | *Slow Will+++ Str+9}
 73019 | Elf:3    | Identified the +1 scimitar of Qerum {vamp, +Blink rC+
                  | Int+4}
 73021 | Elf:3    | Identified the +4 rapier of Annoyance {spect, Contam rElec
                  | rCorr Str+6 Stlth+}
 73526 | Vaults:4 | Bought a condenser vane for 2160 gold pieces
 73526 | Vaults:4 | Bought an ichor-stained cloak for 513 gold pieces
 73526 | Vaults:4 | Identified the +0 cloak "Dykhiam" {Harm} (You bought it in
                  | a shop on level 4 of the Vaults)
 73598 | Vaults:5 | Entered Level 5 of the Vaults
 73602 | Vaults:5 | Reached skill level 15 in Evocations
 73611 | Vaults:5 | Noticed an ancient lich
 73615 | Vaults:5 | Killed an ancient lich
 73670 | Vaults:5 | Noticed Sojobo
 73687 | Vaults:5 | Killed Sojobo
 73965 | Vaults:5 | Reached XP level 25. HP: 147/199 MP: 0/0
 73965 | Vaults:5 | Learned a level 9 spell: Dragon's Call
 74026 | Vaults:5 | Identified the ring "Kaawu" {Drain +Blink rN+ MP+9 Stlth+}
 74040 | Vaults:5 | Identified the +4 broad axe of Internal Strife {vorpal, rC-
                  | rN+ Dex+2}
 74844 | Vaults:5 | Noticed Frederick
 74847 | Vaults:5 | Identified the +6 broad axe of the Tooth {freeze, rF+++ rC-
                  | rCorr Stlth+}
 74849 | Vaults:5 | Killed Frederick
 75700 | Vaults:5 | Noticed an ancient lich
 75716 | Vaults:5 | Killed an ancient lich
 75718 | Vaults:5 | Identified the +0 pair of gloves "Wiqacacu" {rPois rN+++
                  | rCorr Int-3}
 75921 | Vaults:5 | Identified the +7 scale mail "Nulila" {Contam Rampage rElec
                  | rPois}
 76154 | Vaults:5 | Got a silver rune of Zot
 76799 | Slime:1  | Entered Level 1 of the Pits of Slime
 78068 | Slime:3  | Noticed Dissolution
 78073 | Slime:3  | Killed Dissolution
 79166 | Slime:5  | Entered Level 5 of the Pits of Slime
 79221 | Slime:5  | Noticed the Royal Jelly
 79240 | Slime:5  | Killed the Royal Jelly
 79716 | Slime:5  | Identified the +6 plate armour "Ithitraj" {rElec rF+ rN+
                  | rCorr}
 79719 | Slime:5  | Identified the +5 eveningstar of Wavvel {venom, rN++ Will+
                  | Int-3}
 79780 | Slime:5  | Identified the +4 dagger of Wyoxixt {flame, rC- Str+7
                  | Int+5}
 79803 | Slime:5  | Got a slimy rune of Zot
 79853 | Slime:5  | Identified the +7 dagger "Isanoceu" {vorpal, rF+ Int+2
                  | Dex-5}
 79925 | Slime:5  | Reached XP level 26. HP: 205/205 MP: 0/0
 80460 | Depths:1 | Entered Level 1 of the Depths
 80480 | Depths:1 | Noticed Nikola
 80485 | Depths:1 | Killed Nikola
 81143 | Depths:1 | Found the +4 Cigotuvi's embrace {rMiasma Drain rN+}
 81158 | Depths:1 | Identified the +1 scale mail of Resourcefulness {+Inv rElec
                  | Int+4}
 81159 | Depths:1 | Found Gozag's Antique Armour Shoppe.
 81170 | Depths:1 | Identified the ring "Gess" {rC++ Dex-4 Slay+3 SInv}
 81185 | Depths:1 | Found an opulent altar of Gozag.
 81185 | Depths:1 | Found Gozag's Antique Armour Emporium.
 81428 | Depths:1 | Identified the ring "Itos Dogg" {*Corrode rN+ MP+9 Int+4
                  | SInv}
 81475 | Depths:1 | Found Gozag's Antique Weapon Shoppe.
 81498 | Depths:1 | Bought a glowing scarf for 800 gold pieces
 81535 | Depths:1 | Acquired a manual of Fighting
 81537 | Depths:1 | Acquired 847 gold pieces
 82963 | Depths:1 | Noticed Bai Suzhen
 82973 | Depths:1 | Killed Bai Suzhen
 83514 | Depths:1 | Found a gateway to Hell.
 83524 | Depths:1 | Identified the ring "Ewnus" {Drain rElec rPois rC+ Str-3}
 84285 | Depths:2 | Found a one-way gate to the infinite horrors of the Abyss.
 84285 | Depths:2 | Noticed Louise
 84299 | Depths:2 | Killed Louise
 84480 | Depths:2 | You are sucked into a shaft and drop 1 floor!
 84656 | Depths:3 | Voluntarily entered the Abyss.
 84674 | Abyss:1  | Found a corrupted altar of Lugonu.
 85980 | Abyss:1  | Gained mutation: You are dopey. (Int -2) [mutagenic glow]
 85983 | Depths:3 | Escaped the Abyss
 86080 | Depths:3 | Lost mutation: You are partially covered in iridescent
                  | scales. (AC +2) [potion of mutation]
 86080 | Depths:3 | Lost mutation: You are dopey. (Int -2) [potion of mutation]
 86080 | Depths:3 | Lost mutation: You expend health (3 HP) to strengthen your
                  | wands. [potion of mutation]
 86080 | Depths:3 | Gained mutation: You passively map a small area around you.
                  | [potion of mutation]
 86080 | Depths:3 | Gained mutation: You have hidden genetic potential. [potion
                  | of mutation]
 86196 | Depths:3 | Reached XP level 27. HP: 216/217 MP: 0/0
 86196 | Depths:3 | Learned a level 9 spell: Polar Vortex
 86822 | Depths:2 | Noticed a juggernaut
 87069 | Depths:2 | Found a transporter.
 87077 | Depths:2 | Found a transporter.
 87454 | Depths:3 | Noticed a juggernaut
 87458 | Depths:3 | Killed a juggernaut
 87595 | Depths:3 | Identified the +6 mace of Gallantry {freeze, Dex+6}
 87721 | Depths:3 | Found Mamupou's Armour Shoppe.
 87725 | Depths:3 | Found Gonan's Weapon Shoppe.
 87744 | Depths:3 | Bought the ring of Faejo {rC- rCorr Str+5 Int+3 Dex+10} for
                  | 809 gold pieces
 87749 | Depths:3 | Bought a +2 helmet of see invisible for 322 gold pieces
 88366 | Depths:3 | Reached skill level 15 in Armour
 88582 | Depths:3 | Voluntarily entered the Abyss.
 88784 | Abyss:3  | Found a transporter.
 88786 | Abyss:3  | Found a corrupted altar of Lugonu.
 88837 | Abyss:3  | Found a transporter.
 88839 | Abyss:3  | Found a corrupted altar of Lugonu.
 88843 | Abyss:3  | Found a transporter.
 88857 | Abyss:3  | Identified the ring of Esmuel {Contam rElec MP+9 Str+5
                  | Int+10}
 88861 | Abyss:3  | Identified the +1 scale mail of the Last Mashing Bones
                  | {MP+9}
 88873 | Abyss:3  | Identified the +1 ring mail of Proximity {Harm Fly Regen+
                  | rCorr}
 88905 | Abyss:3  | Found a transporter.
 88980 | Abyss:3  | Paralysed by accursed screaming for 1 turns
 88996 | Depths:3 | Escaped the Abyss
 89148 | Depths:3 | Voluntarily entered the Abyss.
 89322 | Abyss:4  | Noticed a dread lich
 89325 | Abyss:4  | Killed a dread lich
 89395 | Depths:3 | Escaped the Abyss
 89539 | Depths:3 | Voluntarily entered the Abyss.
 89671 | Abyss:4  | Found a corrupted altar of Lugonu.
 89699 | Abyss:4  | Noticed a dread lich
 89709 | Abyss:4  | Killed a dread lich
 89824 | Abyss:4  | Got an abyssal rune of Zot
 89888 | Depths:3 | Escaped the Abyss
 89939 | Pan      | Entered Pandemonium
 89981 | Pan      | Noticed Dife the pandemonium lord
 89994 | Pan      | Killed Dife the pandemonium lord
 90018 | Pan      | Gained mutation: You are robust. (+10% HP) [a cacodemon]
 90080 | Pan      | Acquired a manual of Armour
 90853 | Pan      | Gained mutation: You have a pair of small horns on your
                  | head. [a cacodemon]
 92659 | Pan      | Lost mutation: You have hidden genetic potential. [potion
                  | of mutation]
 92659 | Pan      | Lost mutation: You are robust. (+10% HP) [potion of
                  | mutation]
 92659 | Pan      | Lost mutation: You have a pair of small horns on your head.
                  | [potion of mutation]
 92659 | Pan      | Gained mutation: Your spells are a little harder to cast,
                  | but a little more powerful. [potion of mutation]
 92659 | Pan      | Gained mutation: You occasionally lose the ability to drink
                  | potions when taking damage. [potion of mutation]
 92659 | Pan      | Gained mutation: You have hidden genetic potential. [potion
                  | of mutation]
 93389 | Pan      | Noticed Haxini the pandemonium lord
 93393 | Pan      | Killed Haxini the pandemonium lord
 93986 | Pan      | Noticed Dudwam the pandemonium lord
 94002 | Pan      | Killed Dudwam the pandemonium lord
 94006 | Pan      | Gained mutation: You are frail. (-10% HP) [mutagenic glow]
 94662 | Pan      | Got a demonic rune of Zot
 94934 | Pan      | Gained mutation: You are clumsy. (Dex -2) [a neqoxec]
 95870 | Pan      | Found a transporter.
 95955 | Pan      | Identified the +2 leather armour "Ygrinoat" {rF+ MP-9 Dex+3
                  | SInv}
 96460 | Pan      | Found a transporter.
 96518 | Pan      | Identified the ring "Heokiw" {rF+ rC+ Str-5 Dex+4 Stlth+}
 96531 | Pan      | Identified the ring "Xysut" {rCorr Dex+6}
 97287 | Pan      | Found a runed translucent door.
 97305 | Pan      | Found a runed translucent door.
 97324 | Pan      | Found a runed translucent door.
 97324 | Pan      | Found a runed translucent door.
 97352 | Pan      | Noticed Uhiol the pandemonium lord
 97357 | Pan      | Killed Uhiol the pandemonium lord
 97358 | Pan      | Reached skill level 10 in Staves
 97806 | Pan      | Gained mutation: You possess an exceptional clarity of
                  | mind. [hidden potential]
 99557 | Pan      | Noticed Leepp the pandemonium lord
 99563 | Pan      | Killed Leepp the pandemonium lord
 99916 | Pan      | Found an exit through the horrors of the Abyss.
101213 | Pan      | Entered the realm of Gloorx Vloq.
101244 | Pan      | Noticed Gloorx Vloq
101289 | Pan      | Killed Gloorx Vloq
101294 | Pan      | Got a dark rune of Zot
101587 | Pan      | Found an exit through the horrors of the Abyss.
101742 | Pan      | Entered the realm of Lom Lobon.
101772 | Pan      | Noticed Mennas
101796 | Pan      | Killed Mennas
102576 | Pan      | Noticed Lom Lobon
102602 | Pan      | Killed Lom Lobon
102613 | Pan      | Gained mutation: You are strong-willed. (Will+) [hidden
                  | potential]
102613 | Pan      | Lost mutation: You have hidden genetic potential. [hidden
                  | potential expressed]
102752 | Pan      | Got a magical rune of Zot
102955 | Pan      | Found an exit through the horrors of the Abyss.
102981 | Pan      | Entered the realm of Cerebov.
103327 | Pan      | Identified the +0 scale mail "Xedot" {Str+3}
103335 | Pan      | Found the +6 sword of Cerebov {flame}
103335 | Pan      | Noticed Cerebov
103346 | Pan      | Killed Cerebov
103487 | Pan      | Identified the +7 great sword "Fiz Xoa" {freeze, rF+ rCorr}
103488 | Pan      | Identified the +9 long sword "Cifam" {vorpal, rC+ rCorr}
103493 | Pan      | Identified the ring "Jogauge" {rCorr MP+9}
103662 | Pan      | Identified the +1 ring mail "Yciulum" {rF+ Will+}
104804 | Pan      | Got a fiery rune of Zot
105164 | Pan      | Found a runed translucent door.
105171 | Pan      | Noticed Adeloing the pandemonium lord
105172 | Pan      | Found a runed translucent door.
105254 | Pan      | Identified the +0 sling of Disorder {vorpal, Dex+3}
105341 | Pan      | Identified the +2 cloak of Beogh's Castigation {+Inv Regen+
                  | Str+7 Stlth+}
105381 | Pan      | Found an exit through the horrors of the Abyss.
105570 | Pan      | Entered the realm of Mnoleg.
105867 | Pan      | Gained mutation: You occasionally shout uncontrollably at
                  | your foes. [a neqoxec]
105937 | Pan      | Noticed Mnoleg
105951 | Pan      | Killed Mnoleg
105954 | Pan      | Reached skill level 27 in Spellcasting
106015 | Pan      | Got a glowing rune of Zot
106235 | Pan      | Identified the +12 short sword "Oxaloik" {vamp, +Blink rC+
                  | Will+}
106856 | Pan      | Found an exit through the horrors of the Abyss.
106860 | Pan      | Took an exit into the Abyss.
106860 | Abyss:4  | Escaped into the Abyss
106951 | Abyss:4  | Found a runed translucent gate.
106951 | Abyss:4  | Found a runed translucent gate.
106952 | Abyss:4  | Found a runed translucent gate.
106963 | Depths:3 | Escaped the Abyss
107057 | Hell     | Entered the Vestibule of Hell
107057 | Hell     | Noticed Geryon
107063 | Hell     | Killed Geryon
107088 | Hell     | Reached skill level 27 in Fighting
107250 | Hell     | Upgraded the game from 0.29-a0-1047-g7c58e119a4 to
                  | 0.29-a0-1052-g6990b1bffc
108141 | Hell     | Found a gateway to the ashen valley of Gehenna.
108149 | Hell     | Acquired 1038 gold pieces
108155 | Geh:1    | Entered Level 1 of Gehenna
108162 | Geh:1    | Noticed a dread lich
108170 | Geh:1    | Killed a dread lich
109900 | Geh:7    | Entered Level 7 of Gehenna
110131 | Geh:7    | Noticed the Serpent of Hell
110136 | Geh:7    | Killed the Serpent of Hell
110624 | Geh:7    | Identified the ring of Aveve {Fire rElec Int-5 SInv Stlth+}
110692 | Geh:7    | Identified the +7 hand axe "Tijiuxa" {distort, rC+ Will+}
110768 | Geh:7    | Identified the +7 trident of the Hidden Lives {flame, rC+
                  | Str+3}
110816 | Geh:7    | Found the +7 sceptre of Asmodeus
110816 | Geh:7    | Noticed Asmodeus
110830 | Geh:7    | Killed Asmodeus
110835 | Geh:7    | Identified the +9 halberd "Lyecafao" {vorpal, Str+3 Int+5}
110837 | Geh:7    | Identified the +5 hat of the Harvest {rPois}
110884 | Geh:7    | Got an obsidian rune of Zot
111111 | Hell     | Found a gateway to the freezing wastes of Cocytus.
111129 | Coc:1    | Entered Level 1 of Cocytus
111162 | Coc:1    | Reached skill level 10 in Stealth
111974 | Coc:5    | Noticed a shard shrike
111974 | Coc:5    | Noticed a shard shrike
111974 | Coc:5    | You are sucked into a shaft and drop 1 floor!
111991 | Coc:6    | Noticed a shard shrike
111992 | Coc:6    | Noticed a shard shrike
111995 | Coc:6    | Killed a shard shrike
111997 | Coc:6    | Killed a shard shrike
112016 | Coc:6    | Noticed a shard shrike
112021 | Coc:6    | Killed a shard shrike
112026 | Coc:6    | Noticed an ancient lich
112028 | Coc:6    | Noticed a shard shrike
112034 | Coc:6    | Killed an ancient lich
112036 | Coc:6    | Killed a shard shrike
112379 | Coc:6    | Lost mutation: You possess an exceptional clarity of mind.
                  | [mutagenic glow]
112390 | Coc:7    | Entered Level 7 of Cocytus
112393 | Coc:7    | Noticed a shard shrike
112395 | Coc:7    | Noticed a shard shrike
112396 | Coc:7    | Noticed a shard shrike
112396 | Coc:7    | Paralysed by a wendigo for 1 turns
112397 | Coc:7    | Killed a shard shrike
112397 | Coc:7    | Noticed a shard shrike
112398 | Coc:7    | Noticed a shard shrike
112403 | Coc:7    | Killed a shard shrike
112405 | Coc:7    | Killed a shard shrike
112408 | Coc:7    | Killed a shard shrike
112585 | Coc:5    | Killed a shard shrike
112586 | Coc:5    | Killed a shard shrike
112699 | Coc:7    | Paralysed by a wendigo for 1 turns
112703 | Coc:7    | Noticed a shard shrike
112703 | Coc:7    | Paralysed by a wendigo for 1 turns
112708 | Coc:7    | Killed a shard shrike
112710 | Coc:7    | Killed a shard shrike
112715 | Coc:7    | Paralysed by a wendigo for 1 turns
112897 | Coc:7    | Noticed a shard shrike
112901 | Coc:7    | Killed a shard shrike
112994 | Coc:7    | Paralysed by a wendigo for 1 turns
113018 | Coc:7    | Paralysed by a wendigo for 1 turns
113019 | Coc:7    | Noticed a shard shrike
113023 | Coc:7    | Killed a shard shrike
113115 | Coc:7    | Noticed a shard shrike
113126 | Coc:7    | Killed a shard shrike
113129 | Coc:7    | Noticed a shard shrike
113131 | Coc:7    | Killed a shard shrike
113269 | Coc:7    | Noticed a shard shrike
113269 | Coc:7    | Noticed a shard shrike
113272 | Coc:7    | Killed a shard shrike
113288 | Coc:7    | Killed a shard shrike
113392 | Coc:7    | Noticed a shard shrike
113393 | Coc:7    | Paralysed by a wendigo for 1 turns
113416 | Coc:7    | Reached skill level 27 in Dodging
113417 | Coc:7    | Killed a shard shrike
113561 | Coc:7    | Noticed a shard shrike
113568 | Coc:7    | Killed a shard shrike
113779 | Coc:7    | Paralysed by a wendigo for 1 turns
113858 | Coc:7    | Noticed a shard shrike
113860 | Coc:7    | Noticed a shard shrike
113860 | Coc:7    | Killed a shard shrike
113860 | Coc:7    | Noticed a shard shrike
113863 | Coc:7    | Killed a shard shrike
113865 | Coc:7    | Killed a shard shrike
114203 | Coc:7    | Noticed Antaeus
114217 | Coc:7    | Killed Antaeus
114320 | Coc:7    | Got an icy rune of Zot
114414 | Coc:7    | Identified the +8 quarterstaff "Tiamua" {protect, Str+5}
114443 | Coc:7    | Noticed a shard shrike
114447 | Coc:7    | Killed a shard shrike
115126 | Hell     | Found a gateway to the Iron City of Dis.
115348 | Hell     | Found a gateway to the decaying netherworld of Tartarus.
115539 | Tar:1    | Entered Level 1 of Tartarus
116505 | Tar:2    | You are sucked into a shaft and drop 2 floors!
117622 | Tar:7    | Entered Level 7 of Tartarus
117709 | Tar:7    | Noticed a dread lich
117709 | Tar:7    | Noticed an ancient lich
117709 | Tar:7    | Noticed an ancient lich
117717 | Tar:7    | Killed a dread lich
117720 | Tar:7    | Killed an ancient lich
117727 | Tar:7    | Killed an ancient lich
117762 | Tar:7    | Reached skill level 27 in Armour
118270 | Tar:7    | Identified the amulet "Agurodes" {Harm Regen+ Int-2 Dex+4
                  | Stlth-}
118309 | Tar:7    | Identified the +8 arbalest "Pyjas" {elec, rF+ Str+5}
118641 | Tar:7    | Noticed Ereshkigal
118650 | Tar:7    | HP: 6/205 [Ereshkigal/bolt of cold (8)]
118655 | Tar:7    | HP: 8/205 [??? (2)]
118656 | Tar:7    | HP: 3/205 [Ereshkigal/bolt of cold (12)]
118661 | Tar:7    | Killed from afar by a hellephant

Illustrated notes

Levels and vault maps discovered:
D:1:      beargit_arrival_greenhouse, layout_loops_corners,
          hellmonk_ecumenical_altar_zigzags, minmay_misc_feat_alley
D:2:      layout_basic, skrybe_limestone_x, minmay_misc_feat_room, uniq_sigmund
D:3:      layout_loops_ring, nzn_hepliaklqana_mist_gate,
          mainiacjoe_overflow_boulevard, zin_purify, serial_shops,
          nicolae_shop_overgrown_old_shop, shop, minmay_curled_crystal
D:4:      layout_cave_pods, temple_statues, cheibrodos_sewer_entry_drain,
          uniq_duvessa
D:5:      layout_basic, lemuel_crystal_altar, mainiacjoe_overflow_paths,
          lemuel_blue_sif_altar, led_xom_imps
D:6:      layout_rooms, nzn_wu_jian_council_hall, old_standard_altar,
          nemelex_dance_club_becter, serial_shops, shop,
          hangedman_decor_peaks_small, kb_rosetta
D:7:      layout_gridville, gammafunk_temple_overflow_pools, chequers_arboretum,
          dk_noncrumbling_3, grunt_potential, uniq_prince_ribbit1
D:8:      layout_basic, nicolae_tso_carved_into_rock,
          nicolae_qazlal_eye_of_the_storm, enter_bailey_2, serial_park_tiny_pond
D:9:      layout_cave_pools, mainiacjoe_overflow_brackets, orc_0_dummy,
          serial_bayou, serial_bayou_lagoon_b, serial_bayou_lake_a,
          serial_bayou_shore_b, serial_bayou_pond_e, serial_bayou_pond_e
D:10:     layout_roguey, serial_shops, shop
D:11:     layout_loops_ring, david_lair_generic, uniq_maurice, uniq_fannar
D:12:     layout_long_grid, nzn_random_ring
D:13:     layout_cross, lightli_vaults_fourway_checkpoint, minmay_lizard_king,
          uniq_kirke
D:14:     layout_irregular_city, serial_demonic, serial_demonic_f,
          serial_demonic_c, serial_demonic_d, serial_demonic_a,
          serial_demonic_d, serial_demonic_d, serial_demonic_a, chequers_garden,
          minivault_26
D:15:     gammafunk_depths_entry_grave, layout_irregular_city,
          nrook_mini_vaults, portal_ice_cave_entry_ice_simulacra,
          serial_co_window_serial, co_window_corner_a, co_window_corner_a,
          co_window_paths_b, co_window_corner_a, co_window_paths_a,
          co_window_of_opportunity_a, co_window_paths_a, co_window_cross_2,
          co_window_broadway_c, co_window_corner_b, glass_columns_c,
          glass_columns_b
Temple:   hellmonk_temple_divided_pantheon
Lair:1:   layout_gridlike, grunt_megastairs_3
Lair:2:   hellmonk_ruined_rings, layout_cave_pods, minmay_shoals_entry_centaurs,
          spider_nest_entry_web_field
Lair:3:   layout_roguey, grunt_megastairs_4
Lair:4:   layout_loops_ring, nicolae_quartered_pool_impasse,
          bobbens_dragon_lair_wall
Lair:5:   due_jungle_book, layout_cave_pods, minmay_slime_entry_oklob_open,
          serial_bayou_shore_a
Shoals:1: layout_shoals, gammafunk_ghost_berserking_beasts, serial_shops,
          nicolae_shop_hallway_stairs
Shoals:2: layout_shoals, nicolae_shoals_nautilus_by_nature, uniq_frances,
          uniq_ilsuiw
Shoals:3: layout_shoals, serial_shops, shop, nicolae_shoals_flooded_hall,
          uniq_polyphemus
Shoals:4: shoals_end_hellmonk_storm_palace [storm_palace_center_square,
          storm_palace_corner_blocked, storm_palace_corner_altar,
          storm_palace_corner_grid, storm_palace_corner_narrow]
Spider:1: layout_spider_delve
Spider:2: layout_spider_delve, uniq_jorgrun
Spider:3: layout_spider_delve, nicolae_looking_at_the_future
Spider:4: hellmonk_spider_rune_bug_friends, guppyfry_spider_mini_2,
          uniq_asterion, uniq_arachne, uniq_aizul
Slime:1:  cheibrodos_slime_lost_civilization_10, layout_caves
Slime:2:  layout_caves
Slime:3:  layout_caves, uniq_dissolution
Slime:4:  layout_caves, cheibrodos_slime_lost_civilization_7
Slime:5
Orc:1:    layout_diamond_mine
Orc:2:    pf_orc_diabolical, layout_diamond_mine, serial_shops,
          nicolae_shop_competitors_out_of_business, nicolae_orc_pool_cavern
Elf:1:    layout_geoelf_octagon, serial_shops, nicolae_shop_statue_plus, shop,
          hangedman_elf_disciples
Elf:2:    nicolae_elf_blades_splatter_lattice [nooodl_blade_entry_preview],
          layout_geoelf_grid, serial_shops, nicolae_stop_n_shop_1
Elf:3:    minmay_elf_hall_curves, layout_loops_ring, hellmonk_ghost_big_iron,
          grunt_ministairs_9
Vaults:1: vaults_dpeg_ring, nicolae_vaults_network_quincunx
          [nicolae_vaults_network_quincunx_subvault,
          nicolae_vaults_network_quincunx_subvault,
          nicolae_vaults_network_quincunx_subvault,
          nicolae_vaults_network_quincunx_subvault,
          nicolae_vaults_network_quincunx_subvault], nicolae_vaults_arrows,
          v_misc_11, nicolae_vaults_triangles, nicolae_vaults_alarming,
          v_alt_pattern_5, nicolae_vaults_little_squares_6,
          nicolae_vaults_statue_guard, vaults_dpeg_emergency_exit,
          layout_vaults_big_cross, serial_shops, nicolae_shop_behind_doors
Vaults:2: hangedman_vaults_locks, ontoclasm_vaults_pinch,
          nicolae_vaults_network_quinsquares
          [nicolae_vaults_network_quincunx_subvault,
          nicolae_vaults_network_quincunx_subvault,
          nicolae_vaults_network_quincunx_subvault,
          nicolae_vaults_network_quincunx_subvault], nicolae_vaults_what_the_h,
          v_misc_15, nicolae_vaults_little_squares_5,
          nicolae_vaults_little_squares_1, v_alt_pattern_1,
          hangedman_vaults_capsules, vaults_standard_mumra_x,
          nicolae_vaults_mini_display_case, layout_vaults_quadrants,
          serial_shops, nicolae_diamond_shop
Vaults:3: mu_enter_wizlab_3, vaults_mumra_minichess_inversion,
          nicolae_vaults_big_ls, vaults_mumra_hex,
          nicolae_vaults_little_squares_6, nicolae_vaults_network_periphery,
          minmay_crypt_entry_necro_gods, grunt_vaults_hallway_short, v_misc_14,
          vaults_room_ringed_pool, vaults_room_fours, v_misc_22,
          v_alt_pattern_6, layout_vaults_maze
Vaults:4: nicolae_vaults_network_star, grunt_vaults_bifocal, vaults_room_boxed,
          v_misc_3, ontoclasm_vaults_loading_screen, vaults_room_door_hall,
          ontoclasm_vaults_idyll, nicolae_vaults_shelves_hall,
          nicolae_vaults_asterisk, v_misc_26, vaults_dpeg_encased_lava,
          vaults_room_guarded_vault, layout_vaults_ring, serial_shops,
          nicolae_diamond_shop
Vaults:5: serial_shops, uniq_frederick, uniq_sojobo
Depths:1: kennysheep_gozag_temple, layout_gridlike, kennysheep_cross_room,
          lightli_too_deep, minmay_protected_statue, uniq_nikola,
          uniq_bai_suzhen
Depths:2: emtedronai_trogs_sanctum, layout_gridlike,
          nicolae_abyss_entry_one_way_or_another, pf_dread_powers_of_hell,
          rand_demon_pan_entry_3, serial_glass, glass_columns_b,
          glass_columns_a, glass_columns_a, glass_columns_b, glass_columns_a,
          glass_columns_b, glass_columns_a, glass_columns_c, glass_columns_a,
          glass_columns_a, glass_columns_b, glass_columns_b, glass_columns_a,
          glass_columns_a, minmay_tree_intersection,
          infiniplex_staircase_door_maze
Depths:3: minmay_the_grid_octo_triangle [minmay_the_grid_octo_teeth,
          minmay_the_grid_octo_prize_square_snowflake,
          minmay_the_grid_octo_fat_diamond], layout_twisted_cross,
          minmay_room_of_horrors, hell_entry, grunt_pan_entry_in_and_out,
          minmay_shop_star
Hell
Geh:1:    layout_gehenna_lava_caves
Geh:2:    nicolae_hells_giants_party, layout_gehenna_lava_caves
Geh:3:    nicolae_geh_erupted_tower, layout_gehenna_pools_box
Geh:4:    layout_gehenna_lava_caves
Geh:5:    layout_gehenna_lava_caves
Geh:6:    layout_gehenna_pools_basic
Geh:7:    geh_grunt_pentagon
Coc:1:    layout_cocytus_water_paths
Coc:2:    layout_ice_bergs
Coc:3:    layout_cocytus_water_paths, serial_ice
Coc:4:    layout_ice_bergs
Coc:5:    layout_cocytus_water_paths
Coc:6:    layout_ice_bergs
Coc:7:    coc_grunt_cove [coc_grunt_cove_antaeus, coc_grunt_cove_fiend,
          coc_grunt_cove_fiend, coc_grunt_cove_fiend, coc_grunt_cove_fiend]
Tar:1:    nicolae_tar_fractal_crypt, layout_cathedral_of_symmetry
Tar:2:    layout_cathedral_of_symmetry, nicolae_tar_stay_or_leave
Tar:4:    layout_cathedral_of_symmetry
Tar:5:    layout_honeycomb, nicolae_tar_spectre_spectrum
Tar:6:    layout_honeycomb, nicolae_tar_cuneiform_three
Tar:7:    tar_old

Skill      XL: |  1  2  3  4  5  6  7  8  9 10 11 12 13 14 15 16 17 18 19 20 21 22 23 24 25 26 27 |
---------------+----------------------------------------------------------------------------------+-----
Fighting       | 1 2 3 4 5 7 8 9 12 13 15 16 17 19 20 21 22 23 27 | 27.0
Spellcasting   | 3 4 5 7 9 10 11 12 13 14 15 16 17 19 20 21 22 27 | 27.0
Staves         | 1 2 3 4 5 6 7 8 13 | 13.0
Stealth        | 2 3 4 5 6 7 10 | 10.0
Evocations     | 1 3 4 6 7 8 13 14 15 16 18 | 18.0
Dodging        | 3 4 7 9 14 16 17 18 19 27 | 27.0
Armour         | 1 3 4 5 7 9 11 12 13 14 27 | 27.0
Shields        | 2 6 8 9 10 12 | 12.0

Action                   |  1- 3 |  4- 6 |  7- 9 | 10-12 | 13-15 | 16-18 | 19-21 | 22-24 | 25-27 || total
-------------------------+-------+-------+-------+-------+-------+-------+-------+-------+-------++-------
Melee: Unarmed           |     3 |       |       |     2 |       |       |       |       |       ||     5
       Dagger            |     8 |       |       |       |       |       |       |       |       ||     8
       Falchion          |       |     7 |       |       |       |       |       |       |       ||     7
       Staff             |       |       |    35 |    14 |    10 |    21 |    12 |    23 |   138 ||   253
       Punch             |       |       |     1 |     2 |       |       |       |       |     2 ||     5
       Long sword        |       |       |       |       |     2 |       |       |       |       ||     2
       Quarterstaff      |       |       |       |       |       |       |       |     8 |    63 ||    71
       Lajatang          |       |       |       |       |       |       |       |       |    15 ||    15
       Headbutt          |       |       |       |       |       |       |       |       |     1 ||     1
Throw: Throwing net      |       |       |       |     1 |       |       |       |       |       ||     1
 Cast: Foxfire           |    70 |    54 |    85 |   218 |    82 |     1 |     8 |     1 |    33 ||   552
       Scorch            |     3 |    10 |    39 |   122 |    51 |       |       |       |     1 ||   226
       Flame Wave        |       |     5 |     6 |    50 |   100 |    46 |    57 |    16 |    32 ||   312
       Magic Dart        |       |       |    14 |     3 |       |       |     1 |     4 |       ||    22
       Conjure Flame     |       |       |     2 |       |     3 |       |       |       |       ||     5
       Inner Flame       |       |       |       |     2 |     4 |       |       |       |       ||     6
       Ice Form          |       |       |       |     1 |       |       |       |       |       ||     1
       Animate Armour    |       |       |       |     5 |     3 |     3 |       |    18 |     6 ||    35
       Irradiate         |       |       |       |       |    66 |    73 |    99 |    73 |   164 ||   475
       Iron Shot         |       |       |       |       |    88 |   360 |   388 |   382 |   837 ||  2055
       Conjure Ball Ligh |       |       |       |       |       |    18 |    17 |    15 |     7 ||    57
       Orb of Destructio |       |       |       |       |       |       |    47 |   150 |  1495 ||  1692
       Infestation       |       |       |       |       |       |       |       |     6 |     8 ||    14
       Dragon's Call     |       |       |       |       |       |       |       |       |    32 ||    32
       Polar Vortex      |       |       |       |       |       |       |       |       |    55 ||    55
Invok: Call Merchant     |       |       |       |     1 |     2 |     1 |     1 |     1 |     4 ||    10
       Potion Petition   |       |       |       |       |       |     1 |       |       |    39 ||    40
 Abil: End Transformatio |       |       |       |     1 |       |       |       |       |       ||     1
Evoke: Phantom mirror    |       |       |       |       |       |       |     1 |       |     3 ||     4
       Wand              |       |       |       |       |       |       |     1 |       |    10 ||    11
       Phial of floods   |       |       |       |       |       |       |       |       |     3 ||     3
       Box of beasts     |       |       |       |       |       |       |       |       |     2 ||     2
       Condenser vane    |       |       |       |       |       |       |       |       |     1 ||     1
  Use: Scroll            |     4 |     4 |     1 |    16 |     9 |     6 |    14 |     2 |    20 ||    76
       Potion            |       |       |       |     4 |     2 |     6 |     4 |     5 |    37 ||    58
 Stab: Sleeping          |     1 |       |     1 |     1 |       |       |       |       |       ||     3
       Distracted        |       |       |       |       |       |     1 |     1 |     1 |    15 ||    18
Armor: Robe              |     7 |     5 |     1 |       |       |       |       |       |       ||    13
       Leather armour    |       |       |    26 |    28 |    79 |    49 |    84 |       |       ||   266
       Skin              |       |       |       |     2 |       |       |       |       |       ||     2
       Ice dragon scales |       |       |       |       |       |       |    18 |   107 |   560 ||   685
Dodge: Dodged            |    23 |    16 |    26 |    88 |   228 |   208 |   349 |   226 |   783 ||  1947
Block: Other             |       |       |       |     1 |    57 |       |       |    56 |    33 ||   147
       Buckler           |       |       |       |       |     6 |   181 |   208 |    14 |    11 ||   420
       Reflection        |       |       |       |       |     3 |    23 |    15 |    16 |     3 ||    60
       Rpst.: Staff      |       |       |       |       |     2 |    25 |       |       |       ||    27
       Quarterstaff      |       |       |       |       |       |       |       |     2 |       ||     2

Table legend: (Time is in decaauts)
 A = Elapsed time spent in this place.
 B = Non-inter-level travel time spent in this place.
 C = Inter-level travel time spent in this place.
 D = Time resting spent in this place.
 E = Time spent auto-exploring this place.
 F = Levels seen in this place.
 G = Mean time per level.
                   A        B        C        D        E       F      G
               +--------+--------+--------+--------+--------+-----+--------+
         Total | 118357 | 112363 |   5994 |  34828 |  52227 |  99 | 1195.5 |
       Dungeon |  22671 |  20770 |   1901 |   8036 |   8865 |  15 | 1511.4 |
        Temple |     59 |     59 |      0 |      0 |      0 |   1 |   59.0 |
          Lair |  10523 |   9825 |    698 |   3733 |   4404 |   5 | 2104.6 |
        Shoals |   9389 |   9080 |    309 |   3753 |   4091 |   4 | 2347.2 |
   Spider Nest |   4103 |   3952 |    151 |    956 |   2110 |   4 | 1025.8 |
    Slime Pits |   3440 |   3327 |    113 |    953 |   1803 |   5 |  688.0 |
  Orcish Mines |   3245 |   2999 |    246 |   1156 |   1213 |   2 | 1622.5 |
   Elven Halls |   6781 |   6591 |    190 |   1779 |   4053 |   3 | 2260.3 |
        Vaults |  16523 |  15169 |   1354 |   4624 |   8232 |   5 | 3304.6 |
        Depths |   7048 |   6459 |    589 |   2425 |   2550 |   3 | 2349.3 |
          Hell |   1120 |   1080 |     40 |    167 |    493 |   1 | 1120.0 |
       Gehenna |   2842 |   2701 |    141 |    260 |   1437 |   7 |  406.0 |
       Cocytus |   3778 |   3583 |    195 |   1065 |   1102 |   7 |  539.7 |
      Tartarus |   3061 |   3000 |     61 |    795 |   1203 |   6 |  510.2 |
         Abyss |   2424 |   2424 |      0 |    532 |    199 |   8 |  303.0 |
   Pandemonium |  16791 |  16791 |      0 |   2337 |   9356 |  19 |  883.7 |
         Sewer |    770 |    770 |      0 |    195 |    420 |   1 |  770.0 |
        Bailey |   1396 |   1396 |      0 |    652 |    404 |   1 | 1396.0 |
      Ice Cave |    754 |    754 |      0 |    320 |    159 |   1 |  754.0 |
        Wizlab |   1628 |   1628 |      0 |   1086 |    132 |   1 | 1628.0 |
               +--------+--------+--------+--------+--------+-----+--------+

Top non-repeatable levels by time:
Vaults:1: 5358 daAuts
  Lair:5: 3664 daAuts
Vaults:4: 3214 daAuts
Vaults:2: 3118 daAuts
Shoals:4: 3027 daAuts
Depths:1: 2944 daAuts
   Elf:2: 2880 daAuts
   Orc:2: 2699 daAuts
Vaults:5: 2638 daAuts
    D:11: 2617 daAuts
   Coc:7: 2350 daAuts
Shoals:1: 2316 daAuts
Vaults:3: 2193 daAuts
Depths:3: 2186 daAuts
Shoals:2: 2170 daAuts
